 Dungeon Crawl Stone Soup version 0.27-a0-1182-gee19b5822f (webtiles) character file.

Game seed: 13024411715264160853

209 Delamore the Shield-Bearer (level 5, -3/34 HPs)
             Began as a Gargoyle Fighter on May 18, 2021.
             Slain by a gnoll
             ... wielding a +0 halberd
              (8 damage)
             ... on level 3 of the Dungeon.
             The game lasted 00:03:27 (2970 turns).

Delamore the Shield-Bearer (Gargoyle Fighter)       Turns: 2970, Time: 00:03:28

Health: -3/34      AC: 10    Str: 20    XL:     5   Next: 87%
Magic:  5/5        EV:  7    Int:  9    God:
Gold:   77         SH:  9    Dex:  9    Spells: 4/4 levels left

rFire    . . .     SeeInvis .   e - +1 whip (pain)
rCold    + . .     Faith    .   c - +0 kite shield
rNeg     + . .     Spirit   .   b - +0 scale mail
rPois    ∞         Reflect  .   (no helmet)
rElec    +         Harm     .   (no cloak)
rCorr    .         Rampage  .   (no gloves)
Will     .....                  (no boots)
Stlth    ..........             (no amulet)
HPRegen  0.11/turn              p - ring of protection from cold
MPRegen  0.09/turn              (no ring)

@: no status effects
A: sickness immunity, AC +4, negative energy resistance 1, electricity
resistance, torment resistance 1, petrification resistance
a: no special abilities


You were on level 3 of the Dungeon.
You visited 1 branch of the dungeon, and saw 3 of its levels.

You collected 77 gold pieces.

Inventory:

Hand Weapons
 a - a +0 flail
 e - a +1 whip of pain (weapon)
Armour
 b - a +0 scale mail (worn)
 c - a +0 kite shield (worn)
Jewellery
 i - a ring of magical power
 k - a ring of ice
 p - a ring of protection from cold (left hand)
Scrolls
 f - a scroll of amnesia {unknown}
 g - 3 scrolls of teleportation {unknown}
 m - 2 scrolls of fear {unknown}
 n - 3 scrolls of blinking
Potions
 d - 2 potions of might
 h - a potion of curing
 j - a potion of flight
 l - a potion of heal wounds {unknown}
 o - a potion of haste {unknown}


   Skills:
 + Level 4.8 Fighting
 + Level 3.6 Maces & Flails
 - Level 3.2 Armour
 + Level 4.8 Shields


You had 4 spell levels left.
You didn't know any spells.
Your spell library was empty.

Dungeon Overview and Level Annotations

Branches:
Dungeon (3/15)

Altars:


Innate Abilities, Weirdness & Mutations

You are immune to sickness and miasma.
Your stone body is resilient. (AC +4)
You are immune to poison.
You resist negative energy. (rN+)
You are resistant to electric shocks. (rElec)
You are resistant to unholy torment.
You are immune to petrification.


Message History

You swing at nothing.
You closely miss the hobgoblin.
The hobgoblin hits you but does no damage.
You hit the hobgoblin.
The hobgoblin is moderately wounded.
The hobgoblin hits you but does no damage.
You barely miss the hobgoblin.
The hobgoblin is moderately wounded.
The hobgoblin hits you but does no damage.
You hit the hobgoblin.
The hobgoblin is almost dead.
The hobgoblin hits you but does no damage.
You hit the hobgoblin but do no damage.
The hobgoblin is almost dead.
You block the hobgoblin's attack.
The hobgoblin hits you but does no damage.
You closely miss the hobgoblin.
The hobgoblin is almost dead.
You block the hobgoblin's attack.
You closely miss the hobgoblin.
The hobgoblin is almost dead.
You block the hobgoblin's attack.
You closely miss the hobgoblin.
The hobgoblin is almost dead.
You block the hobgoblin's attack.
You hit the hobgoblin.
You kill the hobgoblin!
Your shield and scale mail prevent you from hitting the gnoll.
The gnoll closely misses you.
You hit the gnoll but do no damage. The gnoll hits you but does no damage.
You barely miss the gnoll. The gnoll hits you with a +0 halberd!
* * * LOW HITPOINT WARNING * * *
You barely miss the gnoll. The gnoll barely misses you.
You completely miss the gnoll. You block the gnoll's attack.
You hit the gnoll but do no damage. The gnoll hits you with a +0 halberd.
* * * LOW HITPOINT WARNING * * *
The gnoll hits you from afar with a +0 halberd.
* * * LOW HITPOINT WARNING * * *
The gnoll hits you from afar with a +0 halberd!
You die...

#..# ## #..# .. ####..## ##
#....... ######### ######
#.##..## ........# #....#
#....... .######.# #....#
#..###.. ......#.###########....#
#..# #.. .#.#...oo.....[.@.g....#
#..# #..
...#...)..(########)...###..###..
.#.#.#####.#####.g(#.#.....).....
.#.#.......#.g..g..#.#.##########
##.#########.##....#...## ###
#.##.........# #g##....##..##
#.##.#####.## #>## #.##.# #.#
#...


You could see a gnoll.

Vanquished Creatures
  An orc priest (D:3)
  2 orc wizards
  6 adders
  An adder zombie (D:2)
  A worm (D:2)
  6 orcs
  5 ball pythons
  4 bats
  A bat skeleton (D:2)
  2 endoplasms
  4 giant cockroaches
  2 goblins (D:3)
  7 hobgoblins
  6 jackals
  2 quokkas
  A ball python zombie (D:2)
  4 frilled lizards
  A jackal skeleton (D:2)
  2 kobolds (D:1)
  6 rats
64 creatures vanquished.

Vanquished Creatures (others)
  10 withered plants (D:2)
10 creatures vanquished.

Grand Total: 74 creatures vanquished

Notes
Turn   | Place    | Note
-------+----------+-------------------------------------------
     0 | D:1      | Delamore the Gargoyle Fighter began the quest for the Orb.
     0 | D:1      | Reached XP level 1. HP: 14/14 MP: 1/1
   231 | D:1      | Found a faded altar of an unknown god.
   633 | D:2      | Reached XP level 2. HP: 14/19 MP: 2/2
   870 | D:2      | Reached XP level 3. HP: 13/24 MP: 3/3
  1091 | D:2      | Reached XP level 4. HP: 27/29 MP: 4/4
  2382 | D:3      | Reached XP level 5. HP: 34/34 MP: 5/5
  2970 | D:3      | Slain by a gnoll

Illustrated notes

Levels and vault maps discovered:
D:1:      minmay_arrival_glassed_features, layout_basic,
          hellmonk_ecumenical_altar_pennies_from_heaven,
          chequers_serial_rivers_room_b
D:2:      layout_rooms, serial_undead, serial_undead_f, serial_undead_e,
          serial_undead_d, serial_undead_c, serial_undead_f, serial_undead_c,
          kennysheep_generic_room_15
D:3:      layout_basic, minmay_checkerbox

Skill      XL: |  1  2  3  4 |
---------------+-------------+-----
Shields        | 4 |  4.8
Fighting       | 4 |  4.8
Maces & Flails | 3 |  3.6
Armour         | |  3.2

Action                   |  1- 3 |  4- 6 || total
-------------------------+-------+-------++-------
Melee: Flail             |    17 |       ||    17
       Whip              |    59 |   198 ||   257
  Use: Scroll            |       |     3 ||     3
 Stab: Distracted        |       |     1 ||     1
Armor: Scale mail        |    29 |   152 ||   181
Dodge: Dodged            |    27 |    61 ||    88
Block: Kite shield       |    38 |   124 ||   162

Table legend: (Time is in decaauts)
 A = Elapsed time spent in this place.
 B = Non-inter-level travel time spent in this place.
 C = Inter-level travel time spent in this place.
 D = Time resting spent in this place.
 E = Time spent auto-exploring this place.
 F = Levels seen in this place.
 G = Mean time per level.
                   A        B        C        D        E       F      G
               +--------+--------+--------+--------+--------+-----+--------+
         Total |   3030 |   2974 |     56 |    812 |   1540 |   3 | 1010.0 |
       Dungeon |   3030 |   2974 |     56 |    812 |   1540 |   3 | 1010.0 |
               +--------+--------+--------+--------+--------+-----+--------+

Top non-repeatable levels by time:
     D:1: 1079 daAuts
     D:2: 1040 daAuts
     D:3: 909 daAuts
